 Dungeon Crawl Stone Soup version 0.21-a0-92-g7bf63f6 (webtiles) character file.

20 MackTheKnife the Vexing (level 3, 0/20 HPs)
             Began as a Kobold Arcane Marksman on July 1, 2017.
             Slain by a giant cockroach (1 damage)
             ... on level 1 of the Dungeon.
             The game lasted 00:02:11 (1134 turns).

MackTheKnife the Vexing (Kobold Arcane Marksman)    Turns: 1134, Time: 00:02:11

Health: 0/20       AC:  2    Str:  7    XL:     3   Next: 0%
Magic:  6/6        EV: 15    Int: 14    God:
Gold:   81         SH:  0    Dex: 16    Spells: 3/6 levels left

rFire    . . .     SeeInvis .   a - +0 hand crossbow
rCold    . . .     Gourm    .   (shield restricted)
rNeg     . . .     Faith    .   e - +0 robe
rPois    .         Spirit   .   (no helmet)
rElec    .         Reflect  .   (no cloak)
rCorr    .         Harm     .   (no gloves)
MR       .....                  (no boots)
Stlth    +.........             (no amulet)
HPRegen  0.06/turn              (no ring)
MPRegen  0.10/turn              (no ring)

@: no status effects
A: carnivore 3
a: no special abilities


You were on level 1 of the Dungeon.
You were not hungry.

You visited 1 branch of the dungeon, and saw 1 of its levels.

You collected 81 gold pieces.

Inventory:

Hand Weapons
 a - a +0 hand crossbow (weapon)
 b - a +0 spear
   (You found it on level 1 of the Dungeon)
Missiles
 d - 12 bolts (quivered)
Armour
 e - a +0 robe (worn)
Scrolls
 g - a scroll of identify {unknown}
 h - a scroll of amnesia {unknown}
Potions
 i - a potion of heal wounds {unknown}
Books
 c - a book of Debilitation
Comestibles
 f - 2 meat rations {@e2}


   Skills:
 - Level 1.1 Fighting
 + Level 2.8 Crossbows
 - Level 2.4 Dodging
 + Level 2.1 Spellcasting
 + Level 3.2 Hexes


You had 3 spell levels left.
You knew the following spells:

 Your Spells              Type           Power        Failure   Level  Hunger
s - Slow                  Hex            ##......     10%         2    ###....
v - Corona                Hex            ##.....      6%          1    ##.....


Dungeon Overview and Level Annotations

Branches:
Dungeon (1/15)

Altars:


Innate Abilities, Weirdness & Mutations

You are small and have problems with some larger weapons.
You are carnivorous and can eat meat at any time.


Message History

The bolt hits the hobgoblin.
The hobgoblin hits you with a club.
You take 3 damage, and have 6/16 hp.
Aim: a hobgoblin, wielding a club You shoot a bolt.
The bolt closely misses the hobgoblin.
The bolt barely misses the hobgoblin.
The hobgoblin hits you with a club.
* * * LOW HITPOINT WARNING * * *
You take 2 damage, and have 4/16 hp.
Unknown command.
Aim: a hobgoblin, wielding a club (chance to defeat MR: 63%)
You miscast Slow.
You are very lightly contaminated with residual magic.
Nothing appears to happen.
The hobgoblin hits you but does no damage.
You now have 3/5 mp.
Aim: a hobgoblin, wielding a club (chance to defeat MR: 63%)
The hobgoblin resists with significant effort.
The hobgoblin hits you but does no damage.
You now have 1/5 mp.
Unknown command.
You don't have enough magic to cast that spell.
A giant cockroach comes into view.
The giant cockroach moves out of view.
You see here a short sword.
You see here a stone.
The giant cockroach bites you.
* * * LOW HITPOINT WARNING * * *
You take 1 damage, and have 3/16 hp.
Unknown command.
The giant cockroach bites you but does no damage.
The giant cockroach closely misses you. The giant cockroach misses you.
Unknown command.
The giant cockroach barely misses you. The giant cockroach barely misses you.
The giant cockroach closely misses you.
The giant cockroach bites you but does no damage.
Your magical contamination has completely faded away.
The giant cockroach completely misses you.
The giant cockroach bites you but does no damage.
The giant cockroach closely misses you.
The giant cockroach waves its antennae.
The giant cockroach barely misses you. The giant cockroach barely misses you.
MP restored: 5 The giant cockroach bites you but does no damage.
The giant cockroach bites you.
* * * LOW HITPOINT WARNING * * *
You take 1 damage, and have 4/16 hp.
The giant cockroach misses you. The giant cockroach barely misses you.
The giant cockroach misses you.
The giant cockroach bites you but does no damage.
The giant cockroach closely misses you. The giant cockroach closely misses you.
Here: a giant cockroach (clinging)
The floor.
Unknown command.
Aim: a hobgoblin, wielding a club You shoot a bolt.
The bolt closely misses the giant cockroach.
The bolt hits the hobgoblin.
You kill the hobgoblin!
The giant cockroach bites you.
The giant cockroach bites you but does no damage.
You take 1 damage, and have 5/16 hp.
Aim: a giant cockroach (clinging)
You shoot a bolt. The bolt hits the giant cockroach.
The giant cockroach bites you.
* * * LOW HITPOINT WARNING * * *
You take 1 damage, and have 4/16 hp.
Aim: a giant cockroach (moderately wounded, clinging)
You shoot a bolt.
The bolt barely misses the giant cockroach.
The bolt hits the hobgoblin.
The giant cockroach barely misses you.
The giant cockroach bites you but does no damage.
Aim: a giant cockroach (moderately wounded, clinging)
You shoot a bolt. The bolt hits the giant cockroach.
The giant cockroach barely misses you. The hobgoblin barely misses you.
Unknown command.
The giant cockroach bites you.
* * * LOW HITPOINT WARNING * * *
You take 2 damage, and have 2/16 hp.
The giant cockroach bites you.
* * * LOW HITPOINT WARNING * * *
You take 1 damage, and have 1/16 hp.
Aim: a giant cockroach (heavily wounded, clinging)
You shoot a bolt. The bolt hits the giant cockroach.
The giant cockroach misses you. The giant cockroach bites you.
* * * LOW HITPOINT WARNING * * *
You take 1 damage, and have 1/16 hp.
Aim: a giant cockroach (heavily wounded, clinging)
You shoot a bolt.
The bolt barely misses the giant cockroach.
The bolt hits the hobgoblin!
You kill the hobgoblin!
You have reached level 3!
Your experience leads to an increase in your attributes!
Increase (S)trength, (I)ntelligence, or (D)exterity?
You feel agile. The giant cockroach bites you.
You die...

#....................######..#.##
###.....####.......#...........#.
#####...g..##.........g.g......
##..#####.........#####.... #..#
#.........# #.(... ###..###
##############..... #......#
#.(..#.# ######.####.>.#######
####..###.. .g...g.#
##...@s(.###.....# ###
###################........## #
..g.g....................###
##########......รท.......#########
###..>......####...#.....#
####...........# ###.#.....#
#####g.g.#########.# #.).....#
#.....#### #.# ###.....# ..#####
..# #.....#


You could see a giant cockroach.

Vanquished Creatures
  A dart slug (D:1)
  A giant cockroach (D:1)
  2 goblins (D:1)
  4 hobgoblins (D:1)
  4 bats (D:1)
  A frilled lizard (D:1)
  2 kobolds (D:1)
  A rat (D:1)
16 creatures vanquished.

Notes
Turn   | Place    | Note
-------+----------+-------------------------------------------
     0 | D:1      | MackTheKnife the Kobold Arcane Marksman began the quest for the Orb.
     0 | D:1      | Reached XP level 1. HP: 12/12 MP: 2/2
   407 | D:1      | Reached XP level 2. HP: 16/16 MP: 4/4
   640 | D:1      | Learned a level 2 spell: Slow
   778 | D:1      | Reached skill level 2 in Spellcasting
  1039 | D:1      | HP: 4/16 [hobgoblin/club (2)]
  1047 | D:1      | HP: 3/16 [giant cockroach (1)]
  1090 | D:1      | HP: 4/16 [giant cockroach (1)]
  1120 | D:1      | HP: 4/16 [giant cockroach (1)]
  1130 | D:1      | HP: 1/16 [giant cockroach (1)]
  1134 | D:1      | Reached XP level 3. HP: 1/20 MP: 6/6
  1134 | D:1      | Slain by a giant cockroach

Vault maps used:
D:1:      mrwooster_arrival_statue_3

Skill      XL: |  1  2 |
---------------+-------+-----
Spellcasting   | 2 |  2.1
Fighting       | |  1.1
Crossbows      | |  2.8
Dodging        | |  2.4
Hexes          | |  3.2

Action                   || total
-------------------------++-------
Melee: Spear             ||    72
 Fire: Hand crossbow     ||    10
 Cast: Corona            ||     2
       Slow              ||     1
  Eat: Chunk             ||     1
Armor: Robe              ||    23
Dodge: Dodged            ||    75

Vault maps used:
D:1:      mrwooster_arrival_statue_3

Table legend:
 A = Turns spent in this place as a percentage of turns spent in the entire game.
 B = Non-inter-level travel turns spent in this place as a percentage of non-inter-level travel turns spent in the entire game.
 C = Inter-level travel turns spent in this place as a percentage of turns spent in this place.
 D = Turns resting spent in this place as a percentage of non-inter-level travel turns spent in this place.
 E = Turns spent auto-exploring this place as a percentage of non-inter-level travel turns spent in this place.
 F = Non-inter-level travel turns spent in this place divided by the number of levels of this place that you've seen.
                   A       B       C       D       E      F
               +-------+-------+-------+-------+-------+----------------------
         Total | 100.0 | 100.0 |   0.0 |   3.0 |   4.8 | 330.0
       Dungeon | 100.0 | 100.0 |   0.0 |   3.0 |   4.8 | 330.0
               +-------+-------+-------+-------+-------+----------------------

Table legend:
 A = Kills in this place as a percentage of kills in entire the game.
 B = Kills by you in this place as a percentage of kills by you in the entire game.
 C = Kills by friends in this place as a percentage of kills by friends in the entire game.
 D = Other kills in this place as a percentage of other kills in the entire game.
 E = Experience gained in this place as a percentage of experience gained in the entire game.
 F = Experience gained in this place divided by the number of levels of this place that you have seen.
                   A       B       C       D       E      F
               +-------+-------+-------+-------+-------+----------------------
         Total | 100.0 | 100.0 |  -nan |  -nan | 100.0 |  29.0
       Dungeon | 100.0 | 100.0 |  -nan |  -nan | 100.0 |  29.0
               +-------+-------+-------+-------+-------+----------------------
